 Dungeon Crawl Stone Soup version 0.30.1-4-g462c640d31 (webtiles) character file.

Game seed: 1863382868034109156

90776 Haddock007 the Severer (level 15, -2/150 HPs)
             Began as a Minotaur Fighter on Sept 12, 2023.
             Was the Champion of Okawaru.
             Killed from afar by Nikola (93 damage)
             ... with an arc of chain lightning
             ... on level 3 of the Lair of Beasts.
             The game lasted 00:49:41 (22681 turns).

Haddock007 the Severer (Minotaur Fighter)          Turns: 22681, Time: 00:49:42

Health: -2/150     AC: 28    Str: 29    XL:     15   Next: 53%
Magic:  20/20      EV: 10    Int:  5    God:    Okawaru [******]
Gold:   1132       SH:  4    Dex: 11    Spells: 14/14 levels left

rFire   + + .        L - +5 war axe (elec)
rCold   . . .        c - +0 buckler
rNeg    . . .        V - +7 ring mail of the Trees {rF++}
rPois   +            Q - +2 hat
rElec   .            U - scarf of the Everdark {repulsion, rCorr Stlth+}
rCorr   +            a - +2 pair of gloves
SInv    .            I - +1 pair of boots
Will    +....        K - amulet of regeneration
Stlth   ++           N - ring of Opiyk {rPois Str+2 Slay+4}
HPRegen 1.25/turn    z - +4 ring of protection
MPRegen 0.17/turn

%: repel missiles
@: no status effects
A: horns 2, retaliatory headbutt
a: Renounce Religion, Heroism, Finesse, Duel


You were on level 3 of the Lair of Beasts.
You worshipped Okawaru.
Okawaru was exalted by your worship.
You visited 7 branches of the dungeon, and saw 26 of its levels.
You also visited: Sewer, Ossuary and Volcano.

You collected 2589 gold pieces.
You spent 1457 gold pieces at shops.

Inventory:

Hand Weapons
 D - a +0 broad axe of electrocution
 L - a +5 war axe of electrocution (weapon)
 M - a +4 executioner's axe of draining
Armour
 a - a +2 pair of gloves (worn)
 c - a +0 buckler (worn)
 A - the +2 chain mail "Uwo Reho" {rElec Str+3 Dex-5 SInv}
   (You found it on level 2 of the Lair of Beasts)

   Str:       It affects your strength (+3).
   Dex:       It affects your dexterity (-5).
   rElec:     It insulates you from electricity.
   SInv:      It lets you see invisible.
 G - a +1 plate armour of poison resistance
 I - a +1 pair of boots (worn)
 Q - a +2 hat (worn)
 U - the scarf of the Everdark (worn) {repulsion, rCorr Stlth+}
   (Okawaru gifted it to you on level 5 of the Lair of Beasts)

   rCorr:     It protects you from acid and corrosion.
   Stlth:     It makes you more stealthy.
 V - the +7 ring mail of the Trees (worn) {rF++}
   (You found it on level 2 of the Lair of Beasts)

   rF:        It greatly protects you from fire.
Jewellery
 l - a ring of resist corrosion
 o - an amulet of magic regeneration
 r - a ring of flight
 z - a +4 ring of protection (right hand)
 E - a ring of protection from cold
 K - an amulet of regeneration (around neck)
 N - the ring of Opiyk (left hand) {rPois Str+2 Slay+4}
   (You bought it in a shop on level 6 of the Dungeon)

   [ring of slaying]

   Str:       It affects your strength (+2).
   Slay:      It affects your accuracy & damage with ranged weapons and melee
   (+4).
   rPois:     It protects you from poison.
Wands
 b - a wand of mindburst (9)
 k - a wand of digging (15)
 w - a wand of charming (15)
 B - a wand of polymorph (7)
 F - a wand of roots (4)
 X - a wand of flame (16)
Scrolls
 m - 4 scrolls of amnesia
 p - 3 scrolls of immolation
 q - 2 scrolls of silence
 s - 2 scrolls of blinking
 x - a scroll of enchant weapon
 y - a scroll of magic mapping
 H - 3 scrolls of teleportation
 S - 3 scrolls of summoning
 W - 4 scrolls of identify
Potions
 d - 6 potions of mutation
 e - 2 potions of haste
 f - a potion of berserk rage
 g - 11 potions of heal wounds
 h - 9 potions of curing
 i - 6 potions of brilliance
 j - 4 potions of resistance
 n - 4 potions of flight
 t - 3 potions of ambrosia
 u - 4 potions of attraction
 v - 5 potions of might
 C - a potion of invisibility
 J - a potion of cancellation
 O - a potion of magic
 R - 3 potions of lignification


   Skills:
 * Level 18.5 Fighting
 + Level 20.5 Axes
 + Level 16.3 Armour
 - Level 4.0 Shields
 + Level 8.4 Invocations


You had 14 spell levels left.
You didn't know any spells.
Your spell library contained the following spells:

 Spells                   Type           Power      Damage    Failure   Level
 Apportation              Tloc           0%         N/A       63%         1
 Magic Dart               Conj           0%         1d3       63%         1
 Necrotise                Necr           0%         1d4       63%         1
 Cigotuvi's Dreadful Rot  Necr/Pois/Air  0%         N/A       77%         2
 Ensorcelled Hibernation  Hex/Ice        0%         N/A       77%         2
 Passwall                 Tmut/Erth      0%         N/A       77%         2
 Searing Ray              Conj           0%         2d4       77%         2
 Dazzling Flash           Conj/Hex       0%         N/A       94%         3
 Frozen Ramparts          Ice            0%         1d1       94%         3
 Hailstorm                Conj/Ice       0%         3d3       94%         3
 Ignite Poison            Fire/Tmut/Pois 0%         N/A       94%         3
 Inner Flame              Hex/Fire       0%         N/A       94%         3
 Portal Projectile        Hex/Tloc       0%         N/A       94%         3
 Stone Arrow              Conj/Erth      0%         3d7       94%         3
 Swiftness                Air            0%         N/A       94%         3
 Vampiric Draining        Necr           0%         2d6       94%         3
 Fulminant Prism          Conj/Hex       0%         3d5       100%        4
 Ice Form                 Ice/Tmut       0%         N/A       100%        4
 Leda's Liquefaction      Hex/Erth       0%         N/A       100%        4
 Agony                    Necr           0%         N/A       100%        5
 Alistair's Intoxication  Tmut/Pois      0%         N/A       100%        5
 Borgnjor's Vile Clutch   Necr/Erth      0%         N/A       100%        5
 Freezing Cloud           Conj/Ice/Air   0%         6-21      100%        5
 Silence                  Hex/Air        0%         N/A       100%        5
 Yara's Violent Unravell  Hex/Tmut       0%         3d3       100%        5
 Enfeeble                 Hex            0%         N/A       100%        7
 Orb of Destruction       Conj           0%         9d5       100%        7
 Storm Form               Tmut/Air       0%         N/A       100%        7
 Lehudib's Crystal Spear  Conj/Erth      0%         10d2      100%        8
 Maxwell's Capacitive Co  Air            0%         ∞         100%        8
 Call Canine Familiar     Summ           Unusable   N/A       N/A         3
 Summon Guardian Golem    Hex/Summ       Unusable   N/A       N/A         3
 Animate Armour           Summ/Erth      Unusable   N/A       N/A         4
 Animate Dead             Necr           Unusable   N/A       N/A         4
 Summon Ice Beast         Ice/Summ       Unusable   N/A       N/A         4
 Summon Lightning Spire   Summ/Air       Unusable   N/A       N/A         4
 Death Channel            Necr           Unusable   N/A       N/A         6
 Simulacrum               Ice/Necr       Unusable   N/A       N/A         6
 Spellforged Servitor     Conj/Summ      Unusable   N/A       N/A         7

Dungeon Overview and Level Annotations

Branches:
Dungeon (15/15)            Temple (1/1) D:5            Lair (5/5) D:10
 Shoals (0/4) Lair:2       Spider (1/4) Lair:3          Orc (2/2) D:11
    Elf (1/3) Orc:2        Vaults (0/5) D:13         Depths (1/4) D:15
  Sewer (visited)         Ossuary (visited)         Volcano (visited)
  Slime: Lair:4-5

Altars:
Ashenzari
Cheibriados
Dithmenos
Fedhas
Hepliaklqana
Kikubaaqudgha
Makhleb
Nemelex Xobeh
Okawaru
Qazlal
Ru
Sif Muna
Trog
Uskayaw
Vehumet
Xom
Yredelemnul
Zin

Shops:
D:3 *   D:6 =   D:13 [   Orc:2 *([(:

Annotations:
D:14 2 transporters, Cown's ghost, journeyman TrHu
D:15 2 transporters, Quickbrownfox's ghost, journeyman DsCj
Lair:3 Nikola
Orc:1 1 runed translucent door, Yblufa Ojint's ghost, journeyman MiBe


Innate Abilities, Weirdness & Mutations

You have a pair of horns on your head.
You reflexively headbutt those who attack you in melee.


Message History

The culicivora bites you.
The culicivora draws strength from your injuries!
You climb upwards.
Welcome back to the Lair of Beasts!
Nikola is caught in a web!
There is a hole to the Spider Nest, spattered with blood here.
You are caught in the web!
There is a web here.
You disentangle yourself.
Nikola pulls away from the web.
Nikola is caught in a web!
You slash Nikola! You headbutt Nikola.
Nikola is lightly wounded.
Nikola struggles to get unstuck from the web.
You strike the helpless Nikola from behind!
You slice Nikola!!
Nikola is moderately wounded.
Nikola struggles to get unstuck from the web.
You strike the helpless Nikola from behind!
You slice Nikola!! You headbutt Nikola!
Nikola is heavily wounded.
You slash Nikola! You headbutt Nikola!
Nikola is heavily wounded.
Nikola mumbles some strange words.
Lightning arcs from Nikola's hands!
The bolt of lightning hits you!!!
A bolt of lightning appears from out of thin air!
The bolt of lightning hits Nikola.
Nikola pulls away from the web.
You slash Nikola!
Nikola is severely wounded.
Unknown command.
You slice Nikola!! You headbutt Nikola!
Nikola is almost dead.
You hit Nikola but do no damage.
Nikola is almost dead.
Nikola casts a spell.
Nikola blinks!
Nikola is caught in a web!
Nikola says, "You don't look like a good insulator."
Nikola gestures wildly while chanting.
Lightning arcs from Nikola's hands!
The bolt of lightning hits you!!!!
Ouch! That really hurt!
You die...

...[..P.#.#.###..................
......#..#..##...................
#..:................[.###........
#...........^.........# #.......#
........^........#.#..####.......
...†...........^##.#...'........#
........###^..@^##.....##........
......####^^^^^^#..##P####.......
......#.###^^>§#@..#### #......#
.........^##^^^....#######......#
#.....#...^##...^^#..............
................^^#..............
##.##...^....^.^^##.#.##.#.######
###..#...^...##^#.#########
#...........##..#
#.......#P#.#..##
####..#####.####


You could see Nikola (webbed).

Vanquished Creatures
  An emperor scorpion (D:15)
  An orc warlord (Orc:2)
  Aizul (Lair:3)
  A dire elephant (D:15)
  An entropy weaver (shapeshifter) (D:13)
  2 radroaches
  2 hydras
  2 ogre magi (D:15)
  4 centaur warriors
  7 two-headed ogres
  2 boulder beetles
  A death knight (D:15)
  3 death yaks (Lair:5)
  An orc high priest (Orc:2)
  2 spriggan berserkers (D:15)
  4 skeletal warriors (D:15)
  2 skysharks
  Nergalle (Lair:3)
  Amaemon (D:9)
  A pharaoh ant (Spider:1)
  A lindwurm (Lair:5)
  2 orb spiders (Spider:1)
  2 phantasmal warriors (D:15)
  3 harpies (Lair:2)
  5 orc knights
  A necromancer (D:13)
  3 deep elf pyromancers
  4 manticores
  A steelbarb worm (Spider:1)
  4 wolf spiders (Spider:1)
  11 ugly things
  3 orc sorcerers
  6 cyclopes
  11 elephants
  2 toenail golems (Volcano)
  5 black mambas
  2 molten gargoyles (Volcano)
  4 demonic crawlers (Spider:1)
  A torpor snail (Lair:2)
  A gargoyle (D:11)
  An orange demon (D:9)
  7 cane toads
  4 rime drakes
  8 komodo dragons
  4 efreet
  An unseen horror (D:13)
  4 kobold demonologists
  2 freezing wraiths
  A troll (shapeshifter) (D:15)
  3 trolls
  3 meliai (D:14)
  2 polar bears
  2 tarantellas (Spider:1)
  2 hornets
  16 blink frogs
  3 culicivoras (Spider:1)
  A jumping spider (Spider:1)
  A vampire (D:13)
  13 slime creatures
  Sigmund (D:2)
  A shadow (D:9)
  An air elemental (Orc:2)
  A spriggan (Depths:1)
  4 wyverns
  27 yaks
  Eustachio (D:5)
  4 basilisks
  5 wraiths
  A steam dragon (Lair:3)
  6 fire elementals (Volcano)
  15 redbacks
  2 vampire mosquitoes (D:11)
  3 wargs (Orc:2)
  10 water moccasins
  2 acid dragons
  A sky beast (D:7)
  42 orc warriors
  2 ice beasts
  7 black bears
  15 ogres
  17 wolves
  7 centaurs
  A phantom (D:4)
  3 kobold brigands
  12 bullfrogs
  2 necrophages (D:4)
  2 earth elementals (Volcano)
  4 scorpions
  A water moccasin zombie (D:4)
  3 wights (D:6)
  Dowan (D:4)
  9 killer bees
  3 jellies
  A bullfrog zombie (D:4)
  Crazy Yiuf (D:5)
  13 orc priests
  3 gnoll boudas
  3 hounds
  6 iguanas
  23 orc wizards
  A mummy (Ossuary)
  16 gnolls
  2 river rats (D:3)
  6 adders
  2 shadow imps (D:7)
  An adder zombie (D:4)
  3 worms
  A dart slug (D:2)
  98 orcs
  A spectral bat (Ossuary)
  13 bats
  6 endoplasms
  5 giant cockroaches
  12 gnoll zombies (Ossuary)
  9 goblins
  5 hobgoblins
  7 quokkas
  11 ball pythons
  2 bat simulacra (Ossuary)
  4 frilled lizards
  3 goblin simulacra (Ossuary)
  5 goblin zombies (Ossuary)
  3 hobgoblin zombies (Ossuary)
  12 kobolds
  A kobold simulacrum (Ossuary)
  4 kobold zombies (Ossuary)
  6 orc zombies (Ossuary)
  5 rats
  5 rat simulacra (Ossuary)
  3 spectral goblins (Ossuary)
  3 spectral kobolds (Ossuary)
  5 spectral rats (Ossuary)
  A fire vortex (Volcano)
717 creatures vanquished.

Vanquished Creatures (others)
  A ghost moth (Spider:1)
  3 orb spiders (Spider:1)
  A steelbarb worm (Spider:1)
  A moth of wrath (Spider:1)
  A tarantella (Spider:1)
  2 culicivoras (Spider:1)
  A vampire (D:13)
  A jumping spider (Spider:1)
  3 redbacks (Spider:1)
  An orc (D:7)
15 creatures vanquished.

Grand Total: 732 creatures vanquished

Notes
Turn   | Place    | Note
-------+----------+-------------------------------------------
     0 | D:1      | Haddock007 the Minotaur Fighter began the quest for the
                  | Orb.
     0 | D:1      | Reached XP level 1. HP: 19/19 MP: 0/0
   204 | D:1      | Reached skill level 3 in Axes
   204 | D:1      | Reached XP level 2. HP: 27/27 MP: 1/1
   930 | D:2      | Reached XP level 3. HP: 33/33 MP: 2/2
  1107 | D:2      | Noticed Sigmund
  1110 | D:2      | Reached skill level 4 in Axes
  1117 | D:2      | Killed Sigmund
  1118 | D:2      | Reached skill level 5 in Fighting
  1118 | D:2      | Reached skill level 5 in Axes
  1118 | D:2      | Reached XP level 4. HP: 20/42 MP: 3/3
  1118 | D:2      | Reached XP level 5. HP: 23/48 MP: 4/4
  1130 | D:2      | Found a faded altar of an unknown god.
  1139 | D:2      | Reached skill level 6 in Axes
  1647 | D:3      | Found a sacrificial altar of Ru.
  1650 | D:3      | Found Fuodostrijing's General Store.
  1729 | D:3      | Reached XP level 6. HP: 54/56 MP: 5/5
  1732 | D:3      | Found a glowing drain.
  1748 | Sewer    | Entered a sewer
  1778 | Sewer    | Noticed a water moccasin
  1789 | Sewer    | Killed a water moccasin
  2456 | D:3      | Reached skill level 7 in Axes
  2490 | D:3      | Found a shimmering blue altar of Sif Muna.
  2698 | D:4      | Noticed Dowan
  2720 | D:4      | Killed Dowan
  2721 | D:4      | Reached XP level 7. HP: 43/63 MP: 6/6
  3047 | D:4      | Reached skill level 8 in Axes
  3230 | D:4      | Noticed Duvessa
  3232 | D:4      | Duvessa changed into Duvessa the jelly
  3232 | D:4      | Noticed Duvessa
  3302 | D:5      | Entered Level 5 of the Dungeon
  3403 | D:4      | Found a blossoming altar of Fedhas.
  3421 | D:4      | Reached skill level 5 in Armour
  3525 | D:4      | Killed Duvessa the jelly
  3526 | D:4      | Reached XP level 8. HP: 55/71 MP: 7/7
  3685 | D:5      | Reached skill level 9 in Axes
  3895 | D:5      | Noticed Eustachio
  3983 | D:5      | Killed Eustachio
  3991 | D:5      | Found a runed translucent door.
  3992 | D:5      | Noticed Crazy Yiuf
  4250 | D:5      | Found a hide-covered altar of Uskayaw.
  4292 | D:5      | Found a staircase to the Ecumenical Temple.
  4437 | D:5      | Reached skill level 10 in Axes
  4909 | D:5      | Killed Crazy Yiuf
  4911 | D:5      | Identified the +4 hammer of Lust {venom, MP+9 Str+3 Int-4}
  4977 | D:6      | Reached XP level 9. HP: 79/81 MP: 8/8
  5084 | D:6      | Reached skill level 11 in Axes
  5106 | D:6      | Found a sand-covered staircase.
  5111 | Ossuary  | Entered an ossuary
  5636 | D:6      | Found a burning altar of Makhleb.
  5636 | D:6      | Noticed a balrug
  5683 | D:6      | Found Fomiw's Jewellery Boutique.
  6292 | D:7      | Found a snail-covered altar of Cheibriados.
  6730 | D:7      | Reached skill level 12 in Axes
  6779 | D:7      | Found a shimmering altar of Xom.
  7085 | D:8      | You fall into a shaft and drop 3 floors!
  7158 | D:10     | Entered Level 10 of the Dungeon
  7158 | D:10     | Found a staircase to the Lair.
  7198 | D:9      | Noticed an orange demon
  7200 | D:9      | Noticed Amaemon
  7215 | D:9      | Noticed a kobold demonologist
  7216 | D:9      | Noticed a sixfirhy
  7224 | D:9      | Killed a kobold demonologist
  7365 | D:9      | Reached XP level 10. HP: 89/91 MP: 9/9
  7591 | D:8      | Reached skill level 13 in Axes
  7851 | D:8      | Reached skill level 10 in Fighting
  8013 | Temple   | Entered the Ecumenical Temple
  8066 | Temple   | Became a worshipper of Warmaster Okawaru
  8182 | D:8      | Noticed a green ugly thing
  8191 | D:7      | Paralysed by a hornet for 2 turns
  8426 | D:8      | Found a shadowy altar of Dithmenos.
  8572 | D:3      | Bought a +4 war axe of electrocution for 337 gold pieces
  8938 | D:8      | Killed a green ugly thing
  9136 | D:8      | Found a hazy altar of Hepliaklqana.
  9221 | D:9      | Reached * piety under Okawaru
  9230 | D:9      | Reached skill level 14 in Axes
  9601 | D:9      | Found a bloodstained altar of Trog.
  9615 | D:9      | Reached ** piety under Okawaru
  9933 | D:10     | Found a broken altar of Ashenzari.
  9993 | D:10     | Reached skill level 10 in Armour
 10070 | D:10     | Reached XP level 11. HP: 101/102 MP: 10/10
 10072 | D:10     | Reached skill level 1 in Invocations
 10262 | D:11     | Reached *** piety under Okawaru
 10418 | D:11     | Found a staircase to the Orcish Mines.
 10871 | D:12     | Noticed a white ugly thing
 10888 | D:12     | Killed a white ugly thing
 11114 | D:12     | Noticed a cyan ugly thing
 11127 | D:12     | Killed a cyan ugly thing
 11205 | D:12     | Reached **** piety under Okawaru
 11294 | D:12     | Noticed a deep elf pyromancer
 11504 | Lair:1   | Entered Level 1 of the Lair of Beasts
 11586 | Lair:1   | Identified the +0 robe "Celil" {Rampage Fly Int-5}
 11781 | Lair:1   | Noticed a six-headed hydra
 12106 | Lair:1   | Received a gift from Okawaru
 12120 | Lair:1   | Reached ***** piety under Okawaru
 12722 | Lair:2   | Identified the +7 ring mail of the Trees {rF++}
 12828 | Lair:2   | Noticed a harpy
 12835 | Lair:2   | Noticed a skyshark
 12836 | Lair:2   | Noticed a harpy
 12837 | Lair:2   | Found a staircase to the Shoals.
 12844 | Lair:2   | Killed a harpy
 12848 | Lair:2   | Killed a skyshark
 12849 | Lair:2   | Reached skill level 5 in Invocations
 12849 | Lair:2   | Reached XP level 12. HP: 72/116 MP: 6/14
 12850 | Lair:2   | Identified the +2 chain mail "Uwo Reho" {rElec Str+3 Dex-5
                  | SInv}
 12922 | Lair:2   | Received a gift from Okawaru
 13707 | Lair:3   | Identified the +2 robe "Vuczolon" {Regen+}
 13889 | Lair:3   | Received a gift from Okawaru
 13972 | Lair:3   | Reached skill level 15 in Fighting
 14045 | Lair:3   | Noticed Nergalle
 14058 | Lair:3   | Killed Nergalle
 14059 | Lair:3   | Reached skill level 15 in Axes
 14184 | Lair:3   | Found a hole to the Spider Nest.
 14582 | Lair:4   | Received a gift from Okawaru
 14695 | Lair:4   | Reached XP level 13. HP: 120/127 MP: 15/17
 15171 | Lair:5   | Entered Level 5 of the Lair of Beasts
 15311 | Lair:5   | Reached skill level 16 in Axes
 15693 | Lair:5   | Identified the scarf of the Everdark {repulsion, rCorr
                  | Stlth+} (Okawaru gifted it to you on level 5 of the Lair of
                  | Beasts)
 15693 | Lair:5   | Received a gift from Okawaru
 16652 | D:13     | Reached skill level 17 in Axes
 16797 | D:13     | Found Zeec Zau's Armour Shoppe.
 17265 | D:13     | Reached XP level 14. HP: 101/138 MP: 19/19
 17303 | D:13     | Found a gate to the Vaults.
 17447 | D:14     | Found a transporter.
 17453 | D:14     | Noticed Cown's ghost (journeyman TrHu)
 17560 | D:14     | Received a gift from Okawaru
 17572 | D:14     | Reached ****** piety under Okawaru
 17578 | D:14     | Reached skill level 18 in Axes
 17617 | D:14     | Found a transporter.
 18330 | D:15     | Entered Level 15 of the Dungeon
 18358 | D:15     | Received a gift from Okawaru
 18464 | D:15     | Reached skill level 15 in Armour
 18590 | D:15     | Noticed Quickbrownfox's ghost (journeyman DsCj)
 18591 | D:15     | Found a transporter.
 18602 | D:15     | Found a bloodstained altar of Trog.
 18608 | D:15     | Found a transporter.
 18696 | D:15     | Reached skill level 19 in Axes
 18699 | D:15     | Received a gift from Okawaru
 18782 | D:15     | Found a staircase to the Depths.
 19097 | D:15     | Noticed an emperor scorpion
 19162 | D:15     | Killed an emperor scorpion
 19373 | Orc:1    | Entered Level 1 of the Orcish Mines
 19670 | Orc:1    | Found a runed translucent door.
 19670 | Orc:1    | Noticed Yblufa Ojint's ghost (journeyman MiBe)
 19930 | Orc:2    | Entered Level 2 of the Orcish Mines
 19976 | Orc:2    | Found a dark tunnel.
 19990 | Volcano  | Entered a volcano
 20209 | Orc:2    | Received a gift from Okawaru
 20222 | Orc:2    | Reached XP level 15. HP: 104/148 MP: 20/20
 20301 | Orc:2    | Found a staircase to the Elven Halls.
 20325 | Orc:2    | Found Yplo Houto's Book Emporium.
 20830 | Orc:2    | Found Ephieran's Antique Weapon Shoppe.
 21082 | Orc:2    | Reached skill level 20 in Axes
 21090 | Orc:2    | Found Bereusuq's Antique Weapon Emporium.
 21119 | Orc:2    | Found Boidujuirch's Antique Armour Shoppe.
 21188 | Orc:2    | Found Cysepp's General Store.
 21272 | Elf:1    | Entered Level 1 of the Elven Halls
 21276 | Elf:1    | Paralysed by an air elemental for 1 turns
 21469 | Depths:1 | Entered Level 1 of the Depths
 21497 | D:15     | HP: 6/149 [spriggan berserker/+0 broad axe (32)]
 21665 | Depths:1 | Received a gift from Okawaru
 21945 | D:9      | Found a sparkling altar of Nemelex Xobeh.
 21979 | D:9      | Killed Amaemon
 22081 | D:6      | Bought the ring of Opiyk {rPois Str+2 Slay+4} for 1120 gold
                  | pieces
 22302 | Spider:1 | Entered Level 1 of the Spider Nest
 22336 | Spider:1 | Received a gift from Okawaru
 22406 | Spider:1 | Noticed Aizul
 22412 | Spider:1 | Noticed Nikola
 22621 | Lair:3   | Killed Aizul
 22681 | Lair:3   | Killed from afar by Nikola

Illustrated notes

Levels and vault maps discovered:
D:1:      dpeg_arrival_rhombus, layout_basic
D:2:      layout_loops_ring, shapermc_ecumenical_altar_starsandcircs,
          uniq_sigmund
D:3:      layout_basic, mainiacjoe_overflow_alcove_1,
          mainiacjoe_overflow_brackets, portal_sewer_entry_a, serial_shops,
          shop, minmay_fractal_squares_gapless_5
D:4:      layout_basic, fedhas_altar_decomposition,
          hangedman_abyss_or_decor_lesser_grid, minmay_misc_feat_square,
          glass_columns_a, uniq_duvessa
D:5:      layout_loops_ring, nicolae_uskayaw_dance_hall,
          lemuel_temple_firewalk_b, minivault_1, grunt_ministairs_12,
          uniq_eustachio, uniq_crazy_yiuf_cottage
D:6:      layout_loops_ring, makhleb_altar_promises_db,
          nicolae_ossuary_entry_plus, serial_shops, nicolae_shop_gaudy_bauble,
          dk_noncrumbling_2, serial_bayou_crossing
D:7:      layout_loops_ring, old_standard_altar, amcnicky_altar_gilded,
          minmay_hedge_maze
D:8:      layout_loops_corners, mainiacjoe_overflow_alcove_4,
          nicolae_overflow_crystal_walls, serial_glass, glass_columns_c,
          glass_columns_b
D:9:      layout_irregular_city, kennysheep_mini, trog_ov_bears_minmay,
          serial_glass, glass_columns_b, glass_columns_b, glass_columns_a,
          glass_columns_a, glass_columns_a, glass_columns_a, glass_columns_b,
          glass_columns_a, glass_columns_b, glass_columns_b, glass_columns_a,
          glass_columns_a, glass_columns_b, glass_columns_b, uniq_amaemon
D:10:     layout_rooms, evilmike_ruin_ashenzari, lair_entry_dummy
D:11:     layout_rooms, erik_orc_3, portal_ice_cave_entry_pillars_1
D:12:     layout_basic, chequers_jeans
D:13:     layout_roguey, david_vaults_1, serial_shops, shop
D:14:     layout_basic, gammafunk_ghost_arena, kennysheep_generic_room_12
D:15:     hangedman_depths_entry_try_elsewhere_first, layout_rooms,
          gammafunk_ghost_wrathful_warriors, hangedman_decor_opposing
Temple:   nicolae_temple_bog_church
Lair:1:   layout_layer_cave, minivault_11, beast_lair_carwin_5
Lair:2:   layout_roguey, nicolae_shoals_entry_roost, lemuel_fruit_fields
Lair:3:   layout_regular_city, spider_nest_entry_webs, uniq_nergalle
Lair:4:   layout_cellular_growth, minmay_slime_entry_eyes
Lair:5:   hangedman_lair_in_review, layout_long_grid,
          nicolae_quartered_pool_impasse
Spider:1: layout_spider_delve, uniq_nikola, uniq_roxanne, uniq_aizul
Orc:1:    layout_diamond_mine, hellmonk_ghost_happy_afterlife
Orc:2:    grunt_orc_community_town_hall, layout_caves,
          grunt_orc_community_big_house_2, grunt_orc_community_big_house_1,
          grunt_orc_community_house_1, grunt_orc_community_house_1,
          grunt_orc_community_house_1, grunt_orc_community_house_1,
          grunt_orc_community_house_1, grunt_orc_community_house_3,
          nicolae_volcano_entry_lava_flow, serial_shops, shop
Elf:1:    nicolae_elf_arrival_aired_out, layout_loops_cross,
          gammafunk_ghost_ooze, minmay_elf_sorcery, uniq_azrael
Depths:1: minmay_the_grid_octo_tiled_octocenter [minmay_the_grid_octo_odd_swirl,
          minmay_the_grid_octo_concentric, minmay_the_grid_octo_77,
          minmay_the_grid_octo_teeth, minmay_the_grid_octo_prize_big_c,
          minmay_the_grid_square_5x5_almost_minimal,
          minmay_the_grid_square_5x5_inset, minmay_the_grid_square_5x5_shuriken,
          minmay_the_grid_square_5x5_inverted_slash], layout_basic,
          enter_ziggurat_b, hell_entry, grunt_dithmenos_smoke

Skill      XL: |  1  2  3  4  5  6  7  8  9 10 11 12 13 14 15 |
---------------+----------------------------------------------+-----
Axes           | 3 5 6 7 8 10 12 14 15 17 19 20 | 20.5
Shields        | 4 |  4.0
Fighting       | 4 5 6 8 9 11 13 15 16 17 18 | 18.5
Armour         | 4 5 6 8 10 11 13 14 15 16 | 16.3
Invocations    | 5 7 8 |  8.4

Action                     |  1- 3 |  4- 6 |  7- 9 | 10-12 | 13-15 || total
---------------------------+-------+-------+-------+-------+-------++-------
  Melee: War axe           |    77 |   135 |   374 |   465 |   862 ||  1913
         Headbutt          |    10 |    17 |    71 |    81 |   209 ||   388
 Invoke: Heroism           |       |       |       |     3 |     6 ||     9
         Finesse           |       |       |       |     1 |     3 ||     4
  Evoke: Wand              |       |       |     5 |     2 |     2 ||     9
    Use: Potion            |     1 |     1 |       |       |     8 ||    10
         Scroll            |       |     1 |    11 |    17 |     9 ||    38
   Stab: Sleeping          |       |       |       |       |     1 ||     1
         Held in net/web   |       |       |       |       |     2 ||     2
 Armour: Scale mail        |    19 |       |       |       |       ||    19
         Plate armour      |    22 |    76 |   204 |   322 |    81 ||   705
         Ring mail         |       |       |       |       |   410 ||   410
  Dodge: Dodged            |    45 |    36 |   115 |   120 |   327 ||   643
         Repelled          |       |       |       |       |     9 ||     9
  Block: Buckler           |    20 |    33 |    84 |    93 |   149 ||   379
